 Dungeon Crawl Stone Soup version 0.28-b1-1-g3c77fb2ed1 (webtiles) character file.

Game seed: 5984634631635575680

350 zeram the Shield-Bearer (level 6, -4/53 HPs)
             Began as a Gnoll Fighter on Jan 28, 2022.
             Slain by a two-headed ogre (20 damage)
             ... on level 5 of the Dungeon.
             The game lasted 00:02:36 (2943 turns).

zeram the Shield-Bearer (Gnoll Fighter)             Turns: 2943, Time: 00:02:36

Health: -4/53      AC:  9    Str: 18    XL:     6   Next: 60%
Magic:  9/9        EV: 10    Int:  7    God:
Gold:   182        SH:  7    Dex: 11    Spells: 9/9 levels left

rFire   . . .      SeeInvis .   i - +1 whip (vamp)
rCold   . . .      Faith    .   c - +2 buckler
rNeg    . . .      Spirit   .   b - +0 scale mail
rPois   .          Reflect  .   (no helmet)
rElec   .          Harm     .   (no cloak)
rCorr   .          Rampage  .   n - +0 pair of gloves
Will    .....                   (no boots)
Stlth   ..........              (no amulet)
HPRegen 0.17/turn               (no ring)
MPRegen 0.11/turn               (no ring)

@: no status effects
A: fangs 1, strong nose, distributed training
a: no special abilities


You were on level 5 of the Dungeon.
You visited 1 branch of the dungeon, and saw 4 of its levels.

You collected 182 gold pieces.

Inventory:

Hand Weapons
 a - a +0 trident
 i - a +1 vampiric whip (weapon)
Armour
 b - a +0 scale mail (worn)
 c - a +2 buckler (worn)
 n - a +0 pair of gloves (worn)
Scrolls
 j - a scroll of identify
 l - 2 scrolls of teleportation
 o - a scroll of enchant armour
Potions
 d - 2 potions of might
 e - 2 potions of curing
 f - a potion of haste {unknown}
 g - a potion of lignification
 h - a potion of magic {unknown}
 k - a potion of brilliance {unknown}
 m - a potion of heal wounds {unknown}


   Skills:
 + Level 6.8 Fighting
 + Level 2.0 Short Blades
 + Level 2.0 Long Blades
 + Level 2.0 Axes
 + Level 2.0 Maces & Flails
 + Level 5.0 Polearms
 + Level 2.0 Staves
 + Level 2.0 Slings
 + Level 2.0 Bows
 + Level 2.0 Crossbows
 + Level 2.0 Throwing
 + Level 6.8 Armour
 + Level 2.0 Dodging
 + Level 2.0 Stealth
 + Level 6.8 Shields
 + Level 2.0 Unarmed Combat
 + Level 2.0 Spellcasting
 + Level 1.6 Conjurations
 + Level 1.6 Hexes
 + Level 1.6 Summonings
 + Level 1.6 Necromancy
 + Level 1.6 Translocations
 + Level 1.6 Transmutations
 + Level 1.6 Fire Magic
 + Level 1.6 Ice Magic
 + Level 1.6 Air Magic
 + Level 1.6 Earth Magic
 + Level 1.6 Poison Magic
 + Level 2.2 Invocations
 + Level 2.0 Evocations


You had 9 spell levels left.
You didn't know any spells.
Your spell library contained the following spells:

 Spells                   Type           Power      Damage    Failure   Level
 Animate Skeleton         Necr           6%         N/A       56%         1
 Apportation              Tloc           6%         N/A       56%         1
 Summon Small Mammal      Summ           12%        N/A       56%         1
 Dazzling Flash           Conj/Hex       6%         N/A       91%         3
 Iskenderun's Mystic Bla  Conj/Tloc      3%         2d3       100%        4
 Starburst                Conj/Fire      1%         6d3       100%        6


Dungeon Overview and Level Annotations

Branches:
Dungeon (3/15)

Altars:


Innate Abilities, Weirdness & Mutations

You have very sharp teeth.
Your uncanny sense of smell can sniff out nearby items.
Your experience applies equally to all skills.


Message History

You completely miss the adder.
The adder is severely wounded.
You feel sick.
You are no longer poisoned.
You block the adder's attack. The adder closely misses you.
You completely miss the adder. Your bite misses the adder.
The adder is severely wounded.
The adder closely misses you.
You completely miss the adder.
The adder is severely wounded.
The adder barely misses you.
You hit the adder.
You feel better.
The adder is severely wounded.
The adder bites you.
* * * LOW HITPOINT WARNING * * *
The adder bites you but does no damage.
You hit the adder.
You feel better.
You kill the adder!
You start resting.
HP restored.
You see here an adder skeleton.
Found a runed hat.
Found a scroll of noise.
A two-headed ogre comes into view. It is wielding two +0 giant clubs.
Found a cyan potion.
The two-headed ogre shouts in stereo!
A two-headed ogre is nearby!
A two-headed ogre is nearby!
You hit the two-headed ogre.
The two-headed ogre is lightly wounded.
The two-headed ogre hits you with a +0 giant club!
The two-headed ogre closely misses you.
You hit the two-headed ogre.
The two-headed ogre is lightly wounded.
You hit the two-headed ogre.
The two-headed ogre is lightly wounded.
The two-headed ogre hits you with a +0 giant club!!
Ouch! That really hurt!
The two-headed ogre hits you with a +0 giant club!!
You die...

# #.#### #.!O.# ...
#@# ... #.# ....
#.#####.. .....
#####........
.[...###.....?......
......#..#########..
........#########
.........#......#
......##.#......#


You could see a two-headed ogre.

Vanquished Creatures
  A water moccasin zombie (D:5)
  A bullfrog zombie (D:5)
  2 jellies (D:5)
  A hound (D:5)
  A centaur skeleton (D:5)
  4 gnolls (D:3)
  5 adders
  A dart slug (D:1)
  6 ball pythons
  5 endoplasms
  4 goblins
  4 hobgoblins
  10 jackals
  2 quokkas
  2 bats
  2 frilled lizards
  5 kobolds
  6 rats
62 creatures vanquished.

Notes
Turn   | Place    | Note
-------+----------+-------------------------------------------
     0 | D:1      | zeram the Gnoll Fighter began the quest for the Orb.
     0 | D:1      | Reached XP level 1. HP: 23/23 MP: 1/1
    79 | D:1      | Reached XP level 2. HP: 28/29 MP: 2/2
  1195 | D:2      | Reached XP level 3. HP: 31/35 MP: 3/3
  1317 | D:2      | Reached skill level 1 in Invocations
  1589 | D:2      | Reached skill level 1 in Short Blades
  1589 | D:2      | Reached skill level 1 in Long Blades
  1589 | D:2      | Reached skill level 1 in Axes
  1589 | D:2      | Reached skill level 1 in Maces & Flails
  1589 | D:2      | Reached skill level 1 in Staves
  1589 | D:2      | Reached skill level 1 in Slings
  1589 | D:2      | Reached skill level 1 in Bows
  1589 | D:2      | Reached skill level 1 in Crossbows
  1589 | D:2      | Reached skill level 1 in Throwing
  1589 | D:2      | Reached skill level 1 in Dodging
  1589 | D:2      | Reached skill level 1 in Stealth
  1589 | D:2      | Reached skill level 1 in Unarmed Combat
  1589 | D:2      | Reached skill level 1 in Spellcasting
  1589 | D:2      | Reached skill level 1 in Evocations
  1692 | D:2      | Reached XP level 4. HP: 35/41 MP: 5/5
  2087 | D:2      | Found a faded altar of an unknown god.
  2157 | D:3      | Reached skill level 1 in Conjurations
  2157 | D:3      | Reached skill level 1 in Hexes
  2157 | D:3      | Reached skill level 1 in Summonings
  2157 | D:3      | Reached skill level 1 in Necromancy
  2157 | D:3      | Reached skill level 1 in Translocations
  2157 | D:3      | Reached skill level 1 in Transmutations
  2157 | D:3      | Reached skill level 1 in Fire Magic
  2157 | D:3      | Reached skill level 1 in Ice Magic
  2157 | D:3      | Reached skill level 1 in Air Magic
  2157 | D:3      | Reached skill level 1 in Earth Magic
  2157 | D:3      | Reached skill level 1 in Poison Magic
  2359 | D:3      | Reached XP level 5. HP: 46/47 MP: 6/6
  2425 | D:3      | You fall into a shaft and drop 2 floors!
  2425 | D:5      | Entered Level 5 of the Dungeon
  2476 | D:5      | Reached XP level 6. HP: 40/53 MP: 8/8
  2497 | D:5      | Reached skill level 5 in Polearms
  2940 | D:5      | Noticed a two-headed ogre
  2943 | D:5      | Slain by a two-headed ogre

Illustrated notes

Levels and vault maps discovered:
D:1:      dpeg_arrival_rhombus, layout_basic, minmay_hexomino_c4
D:2:      layout_loops_cross, shapermc_ecumenical_altar_hornbeckon
D:3:      layout_rooms
D:5:      layout_rooms

Skill      XL: |  1  2  3  4  5  6 |
---------------+-------------------+-----
Invocations    | 1 2 |  2.2
Short Blades   | 1 2 |  2.0
Long Blades    | 1 2 |  2.0
Axes           | 1 2 |  2.0
Maces & Flails | 1 2 |  2.0
Staves         | 1 2 |  2.0
Slings         | 1 2 |  2.0
Bows           | 1 2 |  2.0
Crossbows      | 1 2 |  2.0
Throwing       | 1 2 |  2.0
Dodging        | 1 2 |  2.0
Stealth        | 1 2 |  2.0
Unarmed Combat | 1 2 |  2.0
Spellcasting   | 1 2 |  2.0
Evocations     | 1 2 |  2.0
Conjurations   | 1 |  1.6
Hexes          | 1 |  1.6
Summonings     | 1 |  1.6
Necromancy     | 1 |  1.6
Translocations | 1 |  1.6
Transmutations | 1 |  1.6
Fire Magic     | 1 |  1.6
Ice Magic      | 1 |  1.6
Air Magic      | 1 |  1.6
Earth Magic    | 1 |  1.6
Poison Magic   | 1 |  1.6
Polearms       | 5 |  5.0
Fighting       | |  6.8
Armour         | |  6.8
Shields        | |  6.8

Action                   |  1- 3 |  4- 6 || total
-------------------------+-------+-------++-------
Melee: Trident           |   105 |    16 ||   121
       Bite              |     8 |    21 ||    29
       Whip              |       |   144 ||   144
  Use: Scroll            |     7 |     1 ||     8
Armor: Scale mail        |    55 |    68 ||   123
Dodge: Dodged            |    48 |    86 ||   134
Block: Buckler           |    33 |    61 ||    94
